 Dungeon Crawl Stone Soup version 0.29-a0-284-gf9362112df (webtiles) character file.

Game seed: 12491264627407627226

172 Dabor the Slasher (level 5, -3/41 HPs)
             Began as a Demonspawn Gladiator on Mar 14, 2022.
             Was a Follower of Okawaru.
             Slain by a quokka (4 damage)
             ... on level 2 of the Dungeon.
             The game lasted 00:03:01 (2533 turns).

Dabor the Slasher (Demonspawn Gladiator)            Turns: 2533, Time: 00:03:02

Health: -3/41      AC:  4    Str: 16    XL:     5   Next: 27%
Magic:  4/5        EV: 13    Int:  9    God:    Okawaru [*.....]
Gold:   84         SH:  0    Dex: 15    Spells: 4/4 levels left

rFire   . . .      SeeInvis .   f - +1 dagger (elec)
rCold   . . .      Faith    .   (no shield)
rNeg    . . .      Spirit   .   b - +0 leather armour
rPois   .          Reflect  .   c - +0 helmet
rElec   .          Harm     .   (no cloak)
rCorr   .          Rampage  .   (no gloves)
Will    .....                   (no boots)
Stlth   +.........              (no amulet)
HPRegen 0.13/turn               (no ring)
MPRegen 0.09/turn               (no ring)

@: slowed, very slow
A: powered by pain 2
a: Renounce Religion, Heroism


You were on level 2 of the Dungeon.
You worshipped Okawaru.
Okawaru was aware of your devotion.
You visited 1 branch of the dungeon, and saw 2 of its levels.

You collected 84 gold pieces.

Inventory:

Hand Weapons
 a - a +0 long sword
 f - a +1 dagger of electrocution (weapon)
Missiles
 d - 3 throwing nets (quivered)
 e - a javelin
 i - 3 silver javelins
Armour
 b - a +0 leather armour (worn)
 c - a +0 helmet (worn)
Scrolls
 g - 2 scrolls of teleportation {unknown}
 j - a scroll of immolation {unknown}
Potions
 h - a potion of curing {unknown}
 k - a potion of resistance {unknown}


   Skills:
 + Level 3.0 Fighting
 + Level 3.4 Long Blades
 + Level 2.8 Throwing
 + Level 1.4 Armour
 + Level 3.4 Dodging
 + Level 0.0 Invocations


You had 4 spell levels left.
You didn't know any spells.
Your spell library contained the following spells:

 Spells                   Type           Power      Damage    Failure   Level
 Blink                    Tloc           0%         N/A       58%         2
 Manifold Assault         Tloc           0%         N/A       100%        5
 Storm Form               Tmut/Air       0%         N/A       100%        7


Dungeon Overview and Level Annotations

Branches:
Dungeon (2/15)

Altars:
Okawaru


Innate Abilities, Weirdness & Mutations

You sometimes gain power by taking damage.


Message History

Natasha stares at you and mumbles some strange words.
You feel yourself slow down.
You hit Natasha.
Natasha is almost dead.
Natasha stares at you and mumbles some strange words.
The magic dart hits you.
* * * LOW HITPOINT WARNING * * *
The white imp shouts, "Quit, thou puny hedge-born buzzard-bait!"
You barely miss Natasha.
Natasha is almost dead.
The white imp disappears in a puff of smoke!
Natasha claws you.
* * * LOW HITPOINT WARNING * * *
You hit Natasha but do no damage.
Natasha is almost dead.
The crimson imp hits you.
* * * LOW HITPOINT WARNING * * *
Natasha claws you.
* * * LOW HITPOINT WARNING * * *
You completely miss Natasha.
Natasha is almost dead.
The crimson imp blinks!
Natasha misses you.
You barely miss Natasha.
Natasha is almost dead.
Natasha stares at you and mumbles some strange words.
You feel as though you will be slow longer.
You hit Natasha but do no damage.
Natasha is almost dead.
Natasha closely misses you.
You closely miss Natasha.
Natasha is almost dead.
You feel like a meek peon again. Natasha closely misses you.
You hit Natasha.
You kill Natasha!
Okawaru accepts your kill.
Moaning pathetically, Natasha's spirit plunges into the ground.
The crimson imp disappears in a puff of smoke!
The quokka bites you.
You die...

#.#....>...)...♣
#.#.###.#.)...#.♣♣
#.#.# #.#.##..#..P
#.#.###.#.##..#.#.
#.#.....#.##..#...
#.#...).#.##..####
#.#.....#.....#
#r#.....#.....####
#@#.....#.....#...
#.#§#.....# #.##
#.........# #.##
###.##....# #...
#.#.......# ####
#.# ###.### #.# .#
#.# # #.... #..
#....


You could see a quokka.

Vanquished Creatures
  An orc priest (D:2)
  An orc wizard (D:2)
  Natasha (twice) (D:2)
  5 adders (D:2)
  2 worms (D:2)
  An orc (D:2)
  4 bats
  3 endoplasms (D:1)
  4 giant cockroaches
  6 goblins
  3 hobgoblins
  3 ball pythons (D:1)
  3 frilled lizards (D:2)
  6 kobolds
  4 rats
48 creatures vanquished.

Vanquished Creatures (others)
  4 plants (D:2)
4 creatures vanquished.

Grand Total: 52 creatures vanquished

Notes
Turn   | Place    | Note
-------+----------+-------------------------------------------
     0 | D:1      | Dabor the Demonspawn Gladiator began the quest for the Orb.
     0 | D:1      | Reached XP level 1. HP: 16/16 MP: 1/1
   245 | D:1      | Gained mutation: You sometimes gain a little power by
                  | taking damage. [demonic ancestry]
   245 | D:1      | Reached XP level 2. HP: 15/22 MP: 2/2
  1003 | D:2      | Reached XP level 3. HP: 28/28 MP: 3/3
  1042 | D:2      | Reached XP level 4. HP: 25/34 MP: 4/4
  1062 | D:2      | Reached skill level 1 in Armour
  1931 | D:2      | Gained mutation: You sometimes gain power by taking damage.
                  | [demonic ancestry]
  1931 | D:2      | Reached XP level 5. HP: 41/41 MP: 5/5
  2046 | D:2      | Noticed Natasha
  2051 | D:2      | Killed Natasha
  2188 | D:2      | Found a faded altar of an unknown god.
  2201 | D:2      | Found an iron altar of Okawaru.
  2355 | D:2      | Prayed at the altar of an unknown god.
  2355 | D:2      | Became a worshipper of Warmaster Okawaru
  2355 | D:2      | Reached * piety under Okawaru
  2493 | D:2      | Noticed Natasha
  2528 | D:2      | HP: 2/41 [crimson imp[Natasha] (2)]
  2533 | D:2      | Killed Natasha
  2533 | D:2      | Slain by a quokka

Illustrated notes

Levels and vault maps discovered:
D:1:      dpeg_arrival_arbitrary_b, layout_loops_ring, fountainhead
D:2:      layout_basic, basic_ecumenical_altar, basic_altar, serial_forest,
          infiniplex_forest_clump_diagonal, infiniplex_forest_lined_room_,
          infiniplex_forest_clump_cross, infiniplex_forest_clump_double,
          infiniplex_forest_lined_1, uniq_natasha

Skill      XL: |  1  2  3  4 |
---------------+-------------+-----
Throwing       | 2 |  2.8
Dodging        | 3 |  3.4
Long Blades    | 3 |  3.4
Armour         | 1 |  1.4
Fighting       | 3 |  3.0

Action                   |  1- 3 |  4- 6 || total
-------------------------+-------+-------++-------
Melee: Dagger            |    83 |   130 ||   213
       Long sword        |     2 |       ||     2
Invok: Heroism           |       |     1 ||     1
  Use: Potion            |     2 |       ||     2
 Stab: Sleeping          |     1 |       ||     1
       Distracted        |       |     1 ||     1
Armor: Leather armour    |    31 |    35 ||    66
Dodge: Dodged            |    48 |    73 ||   121

Table legend: (Time is in decaauts)
 A = Elapsed time spent in this place.
 B = Non-inter-level travel time spent in this place.
 C = Inter-level travel time spent in this place.
 D = Time resting spent in this place.
 E = Time spent auto-exploring this place.
 F = Levels seen in this place.
 G = Mean time per level.
                   A        B        C        D        E       F      G
               +--------+--------+--------+--------+--------+-----+--------+
         Total |   2513 |   2434 |     79 |     54 |   2003 |   2 | 1256.5 |
       Dungeon |   2513 |   2434 |     79 |     54 |   2003 |   2 | 1256.5 |
               +--------+--------+--------+--------+--------+-----+--------+

Top non-repeatable levels by time:
     D:2: 1537 daAuts
     D:1: 976 daAuts
